AoeStats
← Covid19

Fortress

509693685Analyzed
2v2 RM · 4d ago on Sep 27, 2026· 19m 42s· 4 players
Game mode
Random Map
Map size
Normal (6 player)
Population
200
Speed
Normal
Resources
Standard
Victory
Conquest
Starting age
Dark Age
Ending age
Imperial Age
RankedLock teamsTeams togetherTeam positionsShared explorationLock speedFull tech treeHidden civsTurbo modeCheats
Victory
Defeat
🇻🇳 Celts · Vietnam
1116
+15
🇨🇱 Turks · Chile
1022
+18
🇩🇪 Goths · Germany
1088
-17
🇩🇪 Magyars · Germany
1077
-16
Covid19
7:38 Feudal Age
11:14 Castle Age
11:48 Double-Bit Axe
11:49 Horse Collar
13:35 Bow Saw
14:17 Heavy Plow
18:27 Stone Mining
Event 201
1:10 Loom
9:44 Feudal Age
10:57 Double-Bit Axe
10:55 Horse Collar
14:35 Castle Age
14:16 Scale Mail Armor
14:27 Forging
16:34 Chain Mail Armor
16:40 Bow Saw
18:50 Anarchy
MBG
9:10 Feudal Age
13:20 Castle Age
11:38 Loom
11:50 Gold Mining
11:49 Double-Bit Axe
11:48 Horse Collar
18:01 Imperial Age
nguyen.tranchk32.dlu
4:20 Loom
5:27 Loom
7:49 Feudal Age
12:32 Castle Age
11:10 Double-Bit Axe
11:06 Horse Collar
17:32 Scale Mail Armor
Connection lost

Rejoining the realm…

Still unreachable

The connection could not be restored.

Session expired

The server has moved on; the page needs a fresh start.